 Dungeon Crawl Stone Soup version 0.28.0-45-g0d030f2227 (webtiles) character file.

Game seed: 995031966652597264

72 dianekeaton the Cudgeller (level 4, 0/39 HPs)
             Began as a Minotaur Berserker on Apr 4, 2022.
             Was a Believer of Trog.
             Slain by an orc wizard
             ... wielding a +0 dagger
              (1 damage)
             ... on level 2 of the Dungeon.
             The game lasted 00:02:21 (1839 turns).

dianekeaton the Cudgeller (Minotaur Berserker)      Turns: 1839, Time: 00:02:22

Health: 0/39       AC:  2    Str: 24    XL:     4   Next: 6%
Magic:  3/3        EV: 12    Int:  4    God:    Trog [**....]
Gold:   30         SH:  0    Dex:  9    Spells: 3/3 levels left

rFire   . . .      SeeInvis .   a - +0 mace
rCold   . . .      Faith    .   (no shield)
rNeg    . . .      Spirit   .   b - +0 animal skin
rPois   .          Reflect  .   (helmet restricted)
rElec   .          Harm     .   (no cloak)
rCorr   .          Rampage  .   (no gloves)
Will    .....                   (no boots)
Stlth   +.........              (no amulet)
HPRegen 0.13/turn               (no ring)
MPRegen 0.08/turn               (no ring)

@: on berserk cooldown, slowed, very slow
A: horns 2, retaliatory headbutt
a: Renounce Religion, Berserk, Trog's Hand


You were on level 2 of the Dungeon.
You worshipped Trog.
Trog was pleased with you.
You visited 1 branch of the dungeon, and saw 3 of its levels.

You collected 30 gold pieces.

Inventory:

Hand Weapons
 a - a +0 mace (weapon)
 j - a +2 whip of electrocution
Missiles
 g - 2 poisoned darts (quivered)
Armour
 b - a +0 animal skin (worn)
Jewellery
 f - an amulet of guardian spirit
Scrolls
 c - 2 scrolls of immolation {unknown}
 e - a scroll of identify {unknown}
 i - a scroll of blinking {unknown}
Potions
 d - a potion of heal wounds {unknown}
 h - 2 potions of flight {unknown}


   Skills:
 - Level 3.6 Fighting
 + Level 6.0 Maces & Flails
 - Level 2.4 Armour
 - Level 2.1 Dodging


You had 3 spell levels left.
You didn't know any spells.
Your spell library was empty.

Dungeon Overview and Level Annotations

Branches:
Dungeon (3/15)

Altars:


Innate Abilities, Weirdness & Mutations

You have a pair of horns on your head.
You reflexively headbutt those who attack you in melee.


Message History

* * * LOW HITPOINT WARNING * * *
You climb upwards.
Reactivating autopickup.
There is a stone staircase leading down here.
A red film seems to cover your vision as you go berserk!
You feel yourself moving faster!
You feel mighty! The orc priest closely misses you. You furiously retaliate!
You headbutt the orc priest!
You kill the orc priest!
Trog accepts your kill.
You hear some strange, mumbled words.
Deactivating autopickup; reactivate with Ctrl-A.
Something tries to affect you, but you resist.
Your Maces & Flails skill increases to level 6!
You have reached level 4!
You feel stronger.
You start resting.
You feel a strong urge to attack something.
You start resting.
Something hits you.
* * * LOW HITPOINT WARNING * * *
You start resting.
You feel your anger nearly subside.
You are no longer berserk.
You are exhausted.
You feel yourself slow down.
You start resting.
Something hits you.
* * * LOW HITPOINT WARNING * * *
Something hits you but does no damage. Something hits you.
* * * LOW HITPOINT WARNING * * *
Things that are here:
a +0 club; an orc corpse Something hits you.
* * * LOW HITPOINT WARNING * * *
Something hits you.
* * * LOW HITPOINT WARNING * * *
There is a stone staircase leading down here.
You hit something. Something hits you.
* * * LOW HITPOINT WARNING * * *
Something hits you.
You die...

#.# #.# #.# #.#
#.#######.## ###
#.#........# ≈≈#
#.#.######## ≈≈## ###.#.#
≈≈≈####### #..<#.#
≈≈.......###.#.#.#
.'.......'.....)@#
.#.......###.#...#
##.......# #.#.##########
#≈.......###............#
≈≈.............#######.##
≈≈..†....####..# #.#
≈≈.......# #..# #.#
#........# #..# #.#
#.##...### #..# #.#


There were no monsters in sight!

Vanquished Creatures
  An orc priest (D:2)
  An adder (D:2)
  An orc (D:3)
  3 bats (D:1)
  3 endoplasms (D:1)
  A giant cockroach (D:1)
  3 hobgoblins (D:1)
  2 quokkas
  A ball python (D:1)
  2 frilled lizards (D:2)
  9 goblins
  3 kobolds
  2 rats (D:2)
32 creatures vanquished.

Notes
Turn   | Place    | Note
-------+----------+-------------------------------------------
     0 | D:1      | dianekeaton the Minotaur Berserker began the quest for the
                  | Orb.
     0 | D:1      | Reached XP level 1. HP: 19/19 MP: 0/0
    80 | D:1      | Reached skill level 4 in Maces & Flails
   177 | D:1      | Reached XP level 2. HP: 26/26 MP: 1/1
   695 | D:1      | Reached skill level 5 in Maces & Flails
  1120 | D:2      | Reached XP level 3. HP: 31/31 MP: 2/2
  1127 | D:2      | Reached ** piety under Trog
  1174 | D:2      | Found a faded altar of an unknown god.
  1833 | D:2      | Reached skill level 6 in Maces & Flails
  1833 | D:2      | Reached XP level 4. HP: 18/39 MP: 3/3
  1839 | D:2      | HP: 1/39 [something (2)]
  1839 | D:2      | Slain by an orc wizard

Illustrated notes

Levels and vault maps discovered:
D:1:      sevenhm_arrival_forest_fort_small_5, layout_basic
D:2:      layout_basic, nicolae_ecumenical_lake_church
D:3:      layout_loops_ring, hangedman_decor_growths, chequers_decorated_corner

Skill      XL: |  1  2  3 |
---------------+----------+-----
Maces & Flails | 4 5 6 |  6.0
Fighting       | |  3.6
Armour         | |  2.4
Dodging        | |  2.1

Action                   |  1- 3 |  4- 6 || total
-------------------------+-------+-------++-------
Melee: Mace              |    62 |     1 ||    63
       Headbutt          |     4 |       ||     4
Invok: Berserk           |     1 |       ||     1
 Stab: Sleeping          |     1 |       ||     1
Armor: Animal skin       |     7 |     1 ||     8
Dodge: Dodged            |    40 |       ||    40
